 Dungeon Crawl Stone Soup version 0.13.0-19-g8e0b589 (webtiles) character file.

55643 Malachi the Bludgeoner (level 14, -1/121 HPs)
             Began as a Ghoul Fighter on Oct 25, 2013.
             Was a High Priest of Okawaru.
             Slain by an orc warrior
             ... wielding a -1,+0 orcish trident
              (8 damage)
             ... on Level 4 of the Orcish Mines.
             The game lasted 01:22:57 (24025 turns).

Malachi the Bludgeoner (Ghoul Fighter)             Turns: 24025, Time: 01:22:58

HP  -1/121       AC 25     Str 25      XL: 14   Next: 68%
MP  21/21        EV  7     Int  3      God: Okawaru [*****.]
Gold 2108        SH  0     Dex  8      Spells:  0 memorised, 13 levels left

Res.Fire  : . . .   See Invis. : +   O - +2,+1 dwarf great mace
Res.Cold  : + . .   Warding    : .   C - +1 orc plate armour
Life Prot.: + + +   Conserve   : .   (no shield)
Res.Poison: +       Res.Corr.  : .   u - +1 helmet
Res.Elec. : .       Clarity    : .   i - +2 cloak
Sust.Abil.: + .     Spirit.Shd : .   t - +0 pair of gauntlets
Res.Mut.  : .       Stasis     : .   l - +1 pair of boots
Res.Rott. : +       Flight     : .   m - amulet of the gourmand
Gourmand  : +                        Y - ring of sustain abilities
                                     h - ring of see invisible

@: about to teleport, rotting, somewhat resistant to hostile enchantments,
extremely unstealthy
A: rotting body, claws 1, carnivore 3, cold resistance 1, life protection 3,
poison resistance, saprovore 3, slow healing 1, torment resistance, unbreathing
a: Heroism, Finesse, Renounce Religion


You were on level 4 of the Orcish Mines.
You worshipped Okawaru.
Okawaru was extremely pleased with you.
You were not hungry.

You visited 4 branches of the dungeon, and saw 22 of its levels.

You collected 2088 gold pieces.

Inventory:

Hand weapons
 a - a +2,+1 mace
 e - a +5,+3 demon blade of flaming
 f - a +0,+0 sling
 v - a +1 blowgun
 O - a +2,+1 dwarven great mace (weapon)
Missiles
 c - 20 curare-tipped needles
 d - 43 sling bullets
 s - 27 poisoned needles
Armour
 i - a +2 cloak (worn)
 l - a +1 pair of boots (worn)
 t - a +0 pair of gauntlets (worn)
 u - a +1 helmet (worn)
 C - a +1 orcish plate armour (worn)
 G - a +0 shield
 J - the +2 ring mail "Sicvinaklo" {rF++}
   (You found it on level 6 of the Dungeon)

   It greatly protects you from fire.
 M - a +0 chain mail of fire resistance
Magical devices
 o - a wand of heal wounds (4)
 F - a wand of digging (7)
 K - a wand of cold (3)
 L - a wand of enslavement (11)
 N - a wand of teleportation (0)
 P - a wand of teleportation (7)
 W - a wand of fire (4)
Comestibles
 x - 7 meat rations
 D - a beef jerky
 H - 2 chunks of goblin flesh
Scrolls
 b - 3 scrolls of recharging
 k - 13 scrolls of remove curse
 p - 2 scrolls of teleportation
 z - a scroll of enchant armour
 A - a scroll of silence
 I - 3 scrolls of amnesia
 Z - 2 scrolls of enchant weapon II
Jewellery
 h - a ring of see invisible (left hand)
 m - an amulet of the gourmand (around neck)
 r - an uncursed amulet of stasis
 y - an uncursed ring of ice
 B - the ring "Khiy" {rPois Dex+3 Int+2}
   (You found it on level 2 of the Lair of Beasts)

   [ring of poison resistance]

   It affects your intelligence (+2).
   It affects your dexterity (+3).
 U - an uncursed amulet of resist mutation
 Y - a ring of sustain abilities (right hand)
Potions
 g - a potion of magic
 j - 3 potions of speed
 n - 3 potions of restore abilities
 q - 11 potions of curing


   Skills:
 + Level 11.7 Fighting
 + Level 17.0 Maces & Flails
 - Level 0.1 Slings
 + Level 10.4 Armour
 + Level 1.5 Dodging
 - Level 0.5 Stealth
   Level 3.3 Shields
 - Level 6.0 Invocations


You had 13 spell levels left.
You didn't know any spells.

Dungeon Overview and Level Annotations

Branches:
Dungeon (9/27)             Temple (1/1) D:4             Orc (4/4) D:9
    Elf (0/3) Orc:4          Lair (8/8) D:9           Swamp (0/5) Lair:4
 Spider (0/5) Lair:6        Slime (0/6) Lair:8

Altars:
Ashenzari
Cheibriados
Elyvilon
Fedhas
Kikubaaqudgha
Makhleb
Nemelex Xobeh
Okawaru
Sif Muna
Trog
Vehumet
Xom
Yredelemnul
Zin
the Shining One
Jiyva

Shops:
Orc:2 (

Portals:
Hell: Lair:8


Innate Abilities, Weirdness & Mutations

Your body is rotting away.
You have sharp fingernails.
You are carnivorous and can eat meat at any time.
Your flesh is cold resistant.
You are immune to negative energy.
Your system is resistant to poisons.
You thrive on rotten meat.
You heal slowly.
You are immune to unholy pain and torment.
You can survive without breathing.


Message History

The orc warrior barely misses you.
The orc warrior hits you but does no damage.
The orc warrior hits you from afar with an orcish trident.
The orc hits you but does no damage. The orc barely misses you.
The orc hits you but does no damage.
You sock the orc warrior!
The orc warrior is severely wounded.
The orc warrior hits you with an orcish great mace.
* * * LOW HITPOINT WARNING * * *
The orc high priest calls upon Beogh to heal the orc warrior.
The orc warrior is healed somewhat.
The orc hits you but does no damage.
The orc priest mumbles some strange prayers to Beogh against you.
Something smites you!
* * * LOW HITPOINT WARNING * * *
The orc warrior hits you with a glowing orcish war axe!
* * * LOW HITPOINT WARNING * * *
The orc warrior barely misses you. The orc hits you but does no damage.
The orc hits you but does no damage.
The orc warrior hits you from afar with an orcish trident!
You die...

#........#
##.......#
#........#
#).......#
##.......#
#........#
#........#
##..oo...#
#...@oo..#
#..ooooo.#
#.....oo.#...
#.....oo.[...
#............
#...........
#...........
#...........
#........#.


You could see an orc high priest, 4 orc warriors, 2 orc priests, an orc wizard
(invisible) and 5 orcs.

Vanquished Creatures
  Donald (Orc:4)
  Gastronok (D:9)
  Harold (Orc:3)
  9 hydras
  Erica (Lair:4)
  6 death yaks (Lair:7)
  An orc high priest (Orc:3)
  A sun demon (Lair:8)
  Erolcha (Orc:3)
  Joseph (D:7)
  A wolf spider (Lair:4)
  A wizard (Lair:8)
  An orc sorcerer (Orc:3)
  6 elephants (Lair:2)
  A smoke demon (Lair:8)
  3 black mambas
  Psyche (Orc:3)
  6 komodo dragons
  An orange demon (Lair:8)
  A red devil (Lair:8)
  4 fire drakes
  8 hellwings (Lair:8)
  13 spiny frogs
  An iron devil (Orc:3)
  Sonja (Orc:3)
  4 trolls
  20 blink frogs
  3 two-headed ogres
  A basilisk (Lair:4)
  A boulder beetle (Lair:6)
  2 sharks (D:9)
  18 yaks
  An elephant slug (Lair:8)
  Eustachio (D:6)
  8 hippogriffs
  11 wolves
  A wyvern (D:9)
  4 swamp worms (Lair:4)
  The ghost of Numot the Chucker, an average KoAs (D:3)
  3 porcupines
  A manticore (D:9)
  11 orc warriors
  3 yellow wasps
  6 ogres
  2 sky beasts
  3 ice beasts
  10 giant goldfish
  A phantom (D:6)
  Grum (D:9)
  4 centaurs
  A rotting devil (Lair:8)
  6 wargs
  3 boring beetles
  9 crocodiles
  10 water moccasins
  Duvessa (D:7)
  2 brain worms (Lair:4)
  2 giant slugs
  7 agate snails
  11 giant frogs
  9 jellyfish
  8 wights
  8 killer bees
  A yak skeleton (D:9)
  3 crimson imps
  Dowan (D:7)
  A black bear zombie (D:8)
  15 hounds
  4 electric eels
  A goliath beetle (D:6)
  A quasit (D:6)
  A jelly (D:7)
  Crazy Yiuf (D:2)
  4 big fish
  7 iguanas
  20 orc priests
  5 scorpions
  3 giant frog skeletons
  21 orc wizards
  10 worker ants
  17 sheep
  Ijyb (D:2)
  An ogre zombie (D:9)
  An ogre skeleton (D:8)
  23 adders
  4 gnolls (D:6)
  59 green rats
  7 giant centipedes
  A worm zombie (D:5)
  A steam dragon skeleton (D:9)
  4 giant mites
  2 goliath beetle zombies
  14 worms
  2 grey rats (D:6)
  3 giant eyeballs
  9 giant geckos
  2 oozes
  138 orcs
  23 bats
  A bat zombie (D:6)
  4 giant cockroaches
  15 goblins
  15 hobgoblins
  26 jackals
  16 kobolds
  4 training dummies (D:9)
  A ball python skeleton (D:5)
  A giant gecko skeleton (D:4)
  A giant gecko zombie (D:5)
  5 giant newts
  2 giant spores (D:9)
  A hobgoblin zombie (Orc:3)
  An orc skeleton (D:4)
  An orc zombie (Orc:3)
  14 quokkas
  A quokka zombie (D:9)
  19 rats
  24 ballistomycetes (D:9)
  2 bushes (Lair:2)
  12 plants
847 creatures vanquished.

Vanquished Creatures (others)
  2 hounds
  An adder (Lair:8)
  2 orcs
  A hobgoblin (Orc:3)
  2 giant spores (D:9)
  2 ballistomycetes (D:9)
  4 fungi
  13 plants
27 creatures vanquished.

Grand Total: 874 creatures vanquished

Notes
Turn   | Place    | Note
--------------------------------------------------------------
     0 | D:1      | Malachi, the Ghoul Fighter, began the quest for the Orb.
     0 | D:1      | Reached XP level 1. HP: 19/19 MP: 0/0
   222 | D:1      | Reached XP level 2. HP: 23/26 MP: 1/1
   871 | D:1      | Reached XP level 3. HP: 28/31 MP: 2/2
  1036 | D:2      | Reached skill level 1 in Dodging
  1068 | D:2      | Noticed Ijyb
  1082 | D:2      | Killed Ijyb
  1264 | D:2      | Noticed Crazy Yiuf
  1274 | D:2      | Killed Crazy Yiuf
  1274 | D:2      | Reached XP level 4. HP: 26/39 MP: 2/2
  1508 | D:3      | Reached skill level 4 in Maces & Flails
  1534 | D:3      | Reached XP level 5. HP: 38/46 MP: 3/3
  1767 | D:3      | Found a snail-covered altar of Cheibriados.
  2029 | D:3      | Noticed Numot's ghost (average KoAs)
  2055 | D:3      | Killed Numot's ghost
  2055 | D:3      | Reached skill level 5 in Maces & Flails
  2055 | D:3      | Reached XP level 6. HP: 38/52 MP: 4/4
  2579 | D:4      | Reached skill level 6 in Maces & Flails
  2865 | D:4      | Reached XP level 7. HP: 39/58 MP: 4/4
  3234 | D:4      | Reached skill level 7 in Maces & Flails
  3374 | D:4      | Found a staircase to the Ecumenical Temple.
  3525 | D:3      | Paralysed by a giant eyeball for 2 turns
  3536 | D:3      | Paralysed by a giant eyeball for 3 turns
  3613 | D:5      | Entered Level 5 of the Dungeon
  3763 | Temple   | Entered the Ecumenical Temple
  3864 | D:5      | Found a sparkling altar of Nemelex Xobeh.
  3921 | D:5      | Noticed Eustachio
  4005 | D:6      | Killed Eustachio
  4005 | D:6      | Reached skill level 8 in Maces & Flails
  4005 | D:6      | Reached XP level 8. HP: 23/66 MP: 5/5
  4586 | D:6      | Reached skill level 9 in Maces & Flails
  4956 | D:6      | Got a jewelled ring mail
  4972 | D:6      | Identified the +2 ring mail "Sicvinaklo" {rF++} (You found it on level 6 of the Dungeon)
  5310 | D:7      | Noticed Duvessa
  5310 | D:7      | Noticed Dowan
  5330 | D:7      | Killed Duvessa
  5337 | D:7      | Killed Dowan
  5367 | D:7      | Found a burning altar of Makhleb.
  5367 | D:7      | Noticed a blizzard demon
  5444 | D:7      | Noticed Joseph
  5463 | D:7      | Killed Joseph
  5463 | D:7      | Reached skill level 10 in Maces & Flails
  5463 | D:7      | Reached XP level 9. HP: 31/71 MP: 6/6
  6238 | D:7      | Reached skill level 11 in Maces & Flails
  7277 | D:8      | Got a brightly glowing sabre
  7280 | D:8      | Identified the sabre of Righteous Anger {slice, +Inv rF+ rC-} (You found it on level 8 of the Dungeon)
  7360 | D:8      | Found a deep blue altar of Sif Muna.
  7635 | D:8      | Found a shimmering altar of Xom.
  7753 | D:9      | Reached skill level 12 in Maces & Flails
  7814 | D:9      | Paralysed by a giant eyeball for 3 turns
  7837 | D:9      | Reached XP level 10. HP: 56/79 MP: 6/6
  7838 | D:9      | Paralysed by a giant eyeball for 3 turns
  7894 | D:9      | Found a staircase to the Orcish Mines.
  8244 | D:9      | Noticed Grum
  8296 | D:9      | Killed Grum
  8365 | D:9      | Noticed Gastronok
  8394 | D:9      | Killed Gastronok
  8394 | D:9      | Reached skill level 5 in Fighting
  8426 | D:9      | Found an iron altar of Okawaru.
  8494 | D:9      | Became a worshipper of Warmaster Okawaru
  8525 | D:9      | Reached skill level 13 in Maces & Flails
  8533 | D:9      | Reached skill level 5 in Armour
  8597 | D:9      | HP: 4/81 [troll (12)]
  9098 | D:9      | Found a staircase to the Lair.
  9184 | D:9      | Paralysed by a giant eyeball for 2 turns
  9507 | D:9      | Paralysed by a giant eyeball for 4 turns
 10219 | D:9      | Found a basalt altar of Yredelemnul.
 10299 | D:9      | Reached XP level 11. HP: 40/86 MP: 7/7
 11036 | Lair:1   | Entered Level 1 of the Lair of Beasts
 11036 | Lair:1   | Noticed a seven-headed hydra
 11046 | Lair:1   | Killed a seven-headed hydra
 11244 | Lair:1   | Acquired Okawaru's first power
 12266 | Lair:2   | Got a slimy glass ring
 12482 | Lair:2   | Reached skill level 14 in Maces & Flails
 12879 | Lair:2   | Noticed a four-headed hydra
 12892 | Lair:2   | Killed a four-headed hydra
 13181 | Lair:2   | Reached XP level 12. HP: 99/99 MP: 8/8
 13556 | Lair:2   | Reached skill level 1 in Invocations
 14107 | Lair:3   | Found a radiant altar of Vehumet.
 14263 | Lair:3   | Noticed a five-headed hydra
 14272 | Lair:3   | Killed a five-headed hydra
 14531 | Lair:4   | Found a staircase to the Swamp.
 14846 | Lair:4   | Noticed a six-headed hydra
 14853 | Lair:4   | Killed a six-headed hydra
 15019 | Lair:4   | Noticed Erica
 15029 | Lair:4   | Killed Erica
 15030 | Lair:4   | Reached skill level 15 in Maces & Flails
 15142 | Lair:4   | Reached XP level 13. HP: 104/107 MP: 18/18
 15242 | Lair:4   | Noticed an eight-headed hydra
 15255 | Lair:4   | Killed an eight-headed hydra
 15255 | Lair:4   | Reached skill level 5 in Invocations
 16152 | Lair:5   | Identified the ring "Khiy" {rPois Dex+3 Int+2} (You found it on level 2 of the Lair of Beasts)
 16833 | Lair:6   | Acquired Okawaru's second power
 17115 | Lair:6   | Found a hole to the Spider Nest.
 17592 | Lair:7   | Found a basalt altar of Yredelemnul.
 17744 | Lair:7   | Reached skill level 10 in Fighting
 18214 | Lair:7   | Reached skill level 16 in Maces & Flails
 18704 | Lair:8   | Entered Level 8 of the Lair of Beasts
 18952 | Lair:8   | Reached XP level 14. HP: 116/118 MP: 21/21
 18990 | Lair:8   | Received a gift from Okawaru
 19356 | Lair:8   | Found a staircase to the Slime Pits.
 19356 | Lair:8   | Found a viscous altar of Jiyva.
 19763 | Lair:8   | Reached skill level 10 in Armour
 19785 | Lair:8   | Found a burning altar of Makhleb.
 20914 | Lair:8   | Found a gateway to Hell.
 21451 | Orc:1    | Entered Level 1 of the Orcish Mines
 22161 | Orc:2    | Found Yhalefaw's Antique Weapon Emporium.
 22267 | Orc:3    | Noticed Erolcha
 22302 | Orc:3    | Killed Erolcha
 22416 | Orc:3    | Noticed Harold
 22416 | Orc:3    | Noticed Sonja
 22432 | Orc:3    | Killed Sonja
 22448 | Orc:3    | Killed Harold
 22618 | Orc:3    | Noticed Psyche
 22622 | Orc:3    | Killed Psyche
 22920 | Orc:4    | Entered Level 4 of the Orcish Mines
 23649 | Orc:4    | Found a staircase to the Elven Halls.
 23890 | Orc:4    | Noticed Donald
 23907 | Orc:4    | Killed Donald
 23907 | Orc:4    | Reached skill level 17 in Maces & Flails
 24025 | Orc:4    | Slain by an orc warrior

Action                   |  1- 3 |  4- 6 |  7- 9 | 10-12 | 13-15 || total
-------------------------+-------+-------+-------+-------+-------++-------
Melee: Mace              |   120 |   220 |   784 |    33 |       ||  1157
       Whip              |       |       |    19 |       |       ||    19
       Great mace        |       |       |       |   869 |  1208 ||  2077
 Fire: Sling             |     7 |       |       |       |       ||     7
       Blowgun           |       |       |     1 |       |       ||     1
Invok: Heroism           |       |       |       |     8 |    20 ||    28
       Finesse           |       |       |       |       |     3 ||     3
Evoke: Wand              |       |     2 |     6 |    22 |    14 ||    44
  Use: Scroll            |     3 |     9 |    16 |     5 |     5 ||    38
       Potion            |       |       |     2 |     8 |     4 ||    14
